 Dungeon Crawl Stone Soup version 0.25-a0-613-gf4b266557c (webtiles) character file.

Game seed: 18417910425321628851, levelgen mode: deterministic

372278 Laukis the Hoplite (level 22, -2/148 HPs)
             Began as a Gargoyle Fighter on Mar 17, 2020.
             Was the Champion of Okawaru.
             Killed from afar by a fire giant (29 damage)
             ... with a bolt of fire
             ... on level 15 of the Dungeon.
             The game lasted 03:30:49 (67175 turns).

Laukis the Hoplite (Gargoyle Fighter)              Turns: 67175, Time: 03:30:50

Health: -2/148     AC: 34    Str: 30    XL:     22   Next: 69%
Magic:  29/29      EV:  5    Int: 12    God:    Okawaru [******]
Gold:   4229       SH: 40    Dex: 13    Spells: 21/21 levels left

rFire    . . .     SeeInvis +   q - +7 eudemon blade (holy)
rCold    + + .     Gourm    .   S - +18 shield of the Gong {rElec rN+ MR+ EV-5}
rNeg     + + .     Faith    .   F - +1 scale mail "Apnek" {rF- MR++ Regen+ rCorr}
rPois    ∞         Spirit   .   Q - +2 hat {SInv}
rElec    +         Reflect  +   L - scarf {cloud immunity}
rCorr    +         Harm     .   g - +0 pair of fencer's gloves {Riposte Dex+3}
MR       ++++.                  N - +0 pair of boots
Stlth    +++++.....             n - amulet "Ryen" {Reflect Slay+3 SH+5}
HPRegen  0.74/turn              Y - ring of Thoughtfulness {rC++ Str+2 Int+2 Stlth+}
MPRegen  0.21/turn              K - ring of protection from fire

@: studying Stealth
A: big wings, negative energy resistance 1, electricity resistance, unbreathing,
petrification resistance, rot immunity, AC +16
}: 2/15 runes: decaying, serpentine
a: Fly, Heroism, Finesse, Renounce Religion


You were on level 15 of the Dungeon.
You worshipped Okawaru.
Okawaru was exalted by your worship.
You were not hungry.

You visited 9 branches of the dungeon, and saw 40 of its levels.
You also visited: Gauntlet, Ice Cave and Desolation.

You collected 6082 gold pieces.
You spent 1853 gold pieces at shops.

Inventory:

Hand Weapons
 q - a +7 eudemon blade of holy wrath (weapon)
 W - the +11 long sword "Qilyshio" {elec, Str+4 Dex+4}
   (You found it on level 13 of the Dungeon)

   Occasionally, upon striking a foe, it will discharge some electrical energy
   and cause terrible harm.
   It affects your strength (+4).
   It affects your dexterity (+4).
Missiles
 e - 90 poisoned darts (quivered)
 m - 4 atropa-tipped darts
 s - 8 curare-tipped darts
Armour
 b - a +0 tower shield of fire resistance
 g - the +0 pair of fencer's gloves (worn) {Riposte Dex+3}
   (You bought it in a shop on level 2 of the Snake Pit)

   It affects your dexterity (+3).
 t - the +0 pair of gloves of the Tortoise {rElec rPois MR+ Stlth+}
   (Okawaru gifted it to you on level 3 of the Elven Halls)

   It insulates you from electricity.
   It protects you from poison.
   It affects your resistance to hostile enchantments.
   It makes you more stealthy.
 w - the +0 hat of Patience {+Blink rC+ rN+ Str-4}
   (You found it on level 1 of the Vaults)

   It affects your strength (-4).
   It protects you from cold.
   It protects you from negative energy.
   It lets you blink.
 y - a +2 crystal plate armour
 A - the +6 chain mail "Ytasaik" {MR+}
   (You bought it in a shop on level 2 of the Snake Pit)

   It affects your resistance to hostile enchantments.
 F - the +1 scale mail "Apnek" (worn) {rF- MR++ Regen+ rCorr}
   (You found it on level 3 of the Elven Halls)

   It makes you vulnerable to fire.
   It affects your resistance to hostile enchantments.
   It increases your rate of regeneration.
   It provides partial protection from all sources of acid and corrosion.
 L - a scarf of cloud immunity (worn)
 N - a +0 pair of boots (worn)
 Q - a +2 hat of see invisible (worn)
 S - the +18 shield of the Gong (worn) {rElec rN+ MR+ EV-5}
   (You found it on level 14 of the Dungeon)

   It affects your evasion (-5).
   It insulates you from electricity.
   It protects you from negative energy.
   It affects your resistance to hostile enchantments.
Jewellery
 n - the amulet "Ryen" (around neck) {Reflect Slay+3 SH+5}
   (You found it in a Gauntlet)

   [amulet of reflection]

   It shields you and reflects attacks.
   It affects your accuracy and damage with ranged weapons and melee attacks
   (+3).
   It affects your SH (+5).
 K - a ring of protection from fire (right hand)
 Y - the ring of Thoughtfulness (left hand) {rC++ Str+2 Int+2 Stlth+}
   (You took it off a deep elf annihilator on level 3 of the Elven Halls)

   [ring of strength]

   It affects your strength (+2).
   It affects your intelligence (+2).
   It greatly protects you from cold.
   It makes you more stealthy.
Wands
 r - a wand of iceblast (42)
 C - a wand of clouds (14)
 M - a wand of flame (67)
 R - a wand of acid (45)
 T - a wand of digging (7)
Scrolls
 c - 15 scrolls of identify
 i - 2 scrolls of fog
 k - 10 scrolls of fear
 l - 10 scrolls of remove curse
 p - 5 scrolls of magic mapping
 u - 7 scrolls of teleportation
 x - a scroll of brand weapon
 I - 2 scrolls of enchant armour
 U - a scroll of enchant weapon
Potions
 a - 3 potions of cancellation
 d - 4 potions of might
 j - 16 potions of curing
 v - 4 potions of haste
 B - 3 potions of berserk rage
 D - a potion of invisibility
 H - 3 potions of mutation
 P - 2 potions of resistance
Books
 h - a manual of Stealth
Comestibles
 f - 69 rations


   Skills:
 + Level 18.9 Fighting
 - Level 14.0 Long Blades
   Level 14.0 Maces & Flails
 + Level 18.2 Armour
 - Level 13.0 Stealth
 + Level 21.9 Shields
 - Level 10.0 Invocations


You had 21 spell levels left.
You didn't know any spells.
Your spell library contained the following spells:

 Spells                   Type           Power        Failure   Level  Hunger
 Animate Skeleton         Necr           N/A          45%         1    ##.....
 Corona                   Hex            #......      45%         1    ##.....
 Foxfire                  Conj/Fire      #...         45%         1    ##.....
 Freeze                   Ice            #...         45%         1    ##.....
 Magic Dart               Conj           #...         45%         1    ##.....
 Pain                     Necr           #...         45%         1    ##.....
 Sandblast                Erth           #.....       45%         1    ##.....
 Shock                    Conj/Air       #...         45%         1    ##.....
 Blink                    Tloc           N/A          61%         2    ###....
 Corpse Rot               Necr/Air       N/A          61%         2    ###....
 Ensorcelled Hibernation  Hex/Ice        #.....       61%         2    ###....
 Passwall                 Tmut/Erth      #.......     61%         2    ###....
 Searing Ray              Conj           #.....       61%         2    ###....
 Shroud of Golubria       Chrm/Tloc      #.....       61%         2    ###....
 Sticks to Snakes         Tmut           #.......     61%         2    ###....
 Swiftness                Chrm/Air       #.......     61%         2    ###....
 Confusing Touch          Hex            #.......     83%         3    ####...
 Conjure Flame            Conj/Fire      #.......     83%         3    ####...
 Dazzling Flash           Conj/Hex       #.....       83%         3    ####...
 Frozen Ramparts          Ice            #.....       83%         3    ####...
 Gell's Gravitas          Tloc           #.........   83%         3    ####...
 Inner Flame              Hex/Fire       #.......     83%         3    ####...
 Ozocubu's Armour         Chrm/Ice       #.......     83%         3    ####...
 Recall                   Summ/Tloc      N/A          83%         3    ####...
 Spectral Weapon          Hex/Chrm       #.......     83%         3    ####...
 Static Discharge         Conj/Air       #.......     83%         3    ####...
 Stone Arrow              Conj/Erth      #.....       83%         3    ####...
 Teleport Other           Tloc           #.......     83%         3    ####...
 Tukima's Dance           Hex            #.......     83%         3    ####...
 Vampiric Draining        Necr           #.........   83%         3    ####...
 Airstrike                Air            #.........   99%         4    #####..
 Animate Dead             Necr           N/A          99%         4    #####..
 Cause Fear               Hex            #.........   99%         4    #####..
 Dispel Undead            Necr           #.......     99%         4    #####..
 Fulminant Prism          Conj/Hex       #.........   99%         4    #####..
 Hailstorm                Conj/Ice       #.......     99%         4    #####..
 Ice Form                 Ice/Tmut       #.......     99%         4    #####..
 Iskenderun's Mystic Bla  Conj/Tloc      #.......     99%         4    #####..
 Passage of Golubria      Tloc           N/A          99%         4    #####..
 Petrify                  Tmut/Erth      #.......     99%         4    #####..
 Sticky Flame             Conj/Fire      #.......     99%         4    #####..
 Summon Ice Beast         Ice/Summ       #.......     99%         4    #####..
 Agony                    Necr           #.......     100%        5    ######.
 Alistair's Intoxication  Tmut/Pois      #.......     100%        5    ######.
 Bolt of Magma            Conj/Fire/Erth #.........   100%        5    ######.
 Borgnjor's Vile Clutch   Necr/Erth      #.........   100%        5    ######.
 Excruciating Wounds      Chrm/Necr      #.........   100%        5    ######.
 Fireball                 Conj/Fire      #.........   100%        5    ######.
 Iskenderun's Battlesphe  Conj/Chrm      #.......     100%        5    ######.
 Lee's Rapid Deconstruct  Erth           #.........   100%        5    ######.
 Lightning Bolt           Conj/Air       #.........   100%        5    ######.
 Metabolic Englaciation   Hex/Ice        #.........   100%        5    ######.
 Silence                  Hex/Air        #.........   100%        5    ######.
 Summon Forest            Summ/Tloc      #.........   100%        5    ######.
 Yara's Violent Unravell  Hex/Tmut       #.........   100%        5    ######.
 Darkness                 Hex            #.........   100%        6    #######
 Death Channel            Necr           #.........   100%        6    #######
 Deflect Missiles         Chrm/Air       #.........   100%        6    #######
 Freezing Cloud           Conj/Ice/Air   #.........   100%        6    #######
 Invisibility             Hex            #.......     100%        6    #######
 Iron Shot                Conj/Erth      #.........   100%        6    #######
 Ozocubu's Refrigeration  Ice            #.........   100%        6    #######
 Simulacrum               Ice/Necr       #.........   100%        6    #######
 Orb of Destruction       Conj           #.........   100%        7    #######
 Spellforged Servitor     Conj/Summ      #.........   100%        7    #######
 Chain Lightning          Conj/Air       #.........   100%        8    #######
 Controlled Blink         Tloc           N/A          100%        8    #######
 Discord                  Hex            #.........   100%        8    #######
 Lehudib's Crystal Spear  Conj/Erth      #.........   100%        8    #######
 Fire Storm               Conj/Fire      #.........   100%        9    #######
 Glaciate                 Conj/Ice       #.........   100%        9    #######
 Sublimation of Blood     Necr           Unusable     N/A         2    N/A

Dungeon Overview and Level Annotations

Branches:
Dungeon (15/15)            Temple (1/1) D:6            Lair (6/6) D:8
  Swamp (4/4) Lair:3        Snake (4/4) Lair:2        Slime (0/5) Lair:5
    Orc (2/2) D:12            Elf (3/3) Orc:2        Vaults (4/5) D:14
  Crypt (0/3) Vaults:2     Depths (1/5) D:15          IceCv (visited)
Desolation (visited)      Gauntlet (visited)

Altars:
Ashenzari
Cheibriados
Dithmenos
Elyvilon
Fedhas
Gozag
Hepliaklqana
Kikubaaqudgha
Makhleb
Nemelex Xobeh
Okawaru
Qazlal
Ru
Sif Muna
Trog
Uskayaw
Vehumet
Wu Jian
Xom
Yredelemnul
Zin
The Shining One
Beogh
Jiyva

Shops:
D:12 (   Orc:2 :(*[(   Snake:2 [   Snake:3 }==   Vaults:1 %   Vaults:2 ?
Vaults:4 %

Annotations:
Swamp:2 Frances
Vaults:1 2 runed translucent doors, Sudaz's ghost, veteran MiGl
Vaults:2 1 runed translucent door, Guthir's ghost, veteran GnFi


Innate Abilities, Weirdness & Mutations

You are resistant to torment.
Your stone body is resilient. (AC +16)
You are immune to poison.
Your large and strong wings let you fly indefinitely.
You resist negative energy. (rN+)
You are resistant to electric shocks. (rElec)
You can survive without breathing.
You are immune to petrification.
You are immune to rotting.


Message History

Press: ? - help, v - describe, . - travel
Here: a hell knight, wielding a +4 demon whip and wearing a +0 plate armour The floor, spattered with blood.
Unknown command.
You block the hell knight's attack.
BONNNG!
The hell knight casts a spell at you. The bolt of fire hits you!!
* * * LOW HITPOINT WARNING * * *
You hear two shouts!
There is an open door, spattered with blood here.
Items here: ))) [[ †††
Things that are here:
a +2 demon blade of venom; a +0 demon blade of flaming The hell knight gestures at you while chanting.
You resist with almost no effort. The fire giant casts a spell at you.
The bolt of fire hits the hell knight.
The hell knight completely resists.
The bolt of fire hits you!!
You die...

#....########.##.####.#####
#.............##........# #
#....##############.....# #
####....................###
#.#############..#......
########.# #..######.
#........# #..######.
#.################## #.......#.
#.# #.C)p.@..≈≈# #.#####.#. #.#
#'###≈≈≈#.≈# #.#..<..#. #.#
#.[[#......###.#.#.###. #.#
#.p['..≈##.'.#.#.#....! #<#
#####...#......#...#....... #.#
#...#'###≈≈≈#.≈###.#######. #.#
#...#.[[.....≈≈#.......).)) #.#
#...############.#.########
#.###...#####.....^..#.########


You could see a fire giant and a hell knight.

Vanquished Creatures
  Mennas (Vaults:2)
  Nikola (Vaults:2)
  Jory (Vaults:3)
  A lich (Vaults:1)
  2 deep elf blademasters (Elf:3)
  Rupert (D:13)
  Kirke (Snake:3)
  4 thorn hunters
  A shadow dragon (Vaults:3)
  Roxanne (Snake:3)
  7 nagarajas
  2 tengu reavers
  A frost giant (Vaults:4)
  A fire giant (Vaults:3)
  7 deep elf sorcerers
  An orc warlord (Orc:2)
  8 vault wardens
  Aizul (Swamp:3)
  6 deep elf elementalists
  7 stone giants
  5 ironheart preservers
  6 very ugly things (D:15)
  A hydra skeleton (Swamp:4)
  3 vampire knights
  9 deep elf annihilators
  A minotaur (Gauntlet)
  5 deep elf demonologists
  Snorg (Lair:6)
  3 ettins
  5 deep elf death magi
  6 fire dragons
  6 yaktaur captains
  The ghost of Weveyr the Geomancer, a journeyman GrEE of Sif Muna (D:13)
  3 death oozes
  The ghost of Piu the Blocker, a journeyman OpFi (Lair:6)
  A jiangshi (Vaults:2)
  2 rakshasas
  3 deep elf high priests
  2 great orbs of eyes
  2 servants of whispers (Desolation)
  A vault guard (D:14)
  10 hydras
  3 ice dragons
  2 catoblepae (Lair:6)
  16 naga warriors
  A ghost crab (Swamp:3)
  4 shambling mangroves
  7 ogre magi
  A peacekeeper (Desolation)
  A satyr (shapeshifter) (Vaults:2)
  11 anacondas
  Erica (D:9)
  7 centaur warriors
  22 two-headed ogres
  24 dancing weapons
  16 alligators
  A tengu warrior (D:15)
  12 naga sharpshooters
  A shock serpent (shapeshifter) (Vaults:4)
  2 deep troll shamans (Vaults:2)
  4 shock serpents
  16 death yaks
  A deep troll earth mage (Vaults:2)
  5 orc high priests (Orc:2)
  11 deep elf knights
  2 hell knights (D:15)
  5 salamander mystics
  11 skeletal warriors
  4 sea snakes (Snake:4)
  8 swamp dragons
  A spriggan druid (Swamp:4)
  4 deep trolls (D:15)
  A lindwurm (Lair:6)
  8 unseen horrors
  9 naga ritualists
  2 flayed ghosts
  5 deep elf archers
  13 harpies
  10 ironbrand convokers
  2 spectral hydras (Swamp:4)
  A necromancer (Vaults:4)
  13 orc knights
  5 wizards
  4 phantasmal warriors
  41 deep elf magi
  3 orc sorcerers
  A tengu skeleton (Vaults:4)
  2 mana vipers
  5 manticores
  28 ugly things
  A stone giant zombie (Vaults:4)
  10 salamanders
  4 wolf spiders
  9 cyclopes
  3 oklob plants (Swamp:4)
  2 ice statues (IceCv)
  Maurice (Orc:2)
  A human skeleton (Vaults:4)
  32 naga magi
  10 vault sentinels
  30 black mambas
  6 guardian serpents
  2 gargoyles
  A smoke demon (Gauntlet)
  2 molten gargoyles
  A kobold demonologist (D:13)
  A torpor snail (Swamp:1)
  3 centaur skeletons
  A torpor snail (shapeshifter) (Vaults:1)
  13 spiny frogs
  4 freezing wraiths
  7 rime drakes
  7 komodo dragons
  12 yaktaurs
  6 trolls
  4 hydra zombies (Swamp:4)
  4 polar bears
  8 tyrant leeches
  A death drake zombie (Swamp:4)
  12 hornets
  9 saltlings
  A raiju (shapeshifter) (Vaults:2)
  10 bog bodies
  18 blink frogs
  7 dream sheep
  A death drake skeleton (Swamp:4)
  16 hippogriffs
  48 slime creatures
  4 spriggans
  2 air elementals
  2 wraiths
  Sigmund (D:3)
  A spriggan (shapeshifter) (D:15)
  3 water elementals
  42 yaks
  14 wyverns
  3 hogs (Snake:3)
  10 humans (D:14)
  A fire bat (shapeshifter) (Vaults:2)
  13 basilisks
  A hungry ghost (D:15)
  A steam dragon (Gauntlet)
  7 vampire mosquitoes
  69 nagas
  17 swamp worms
  10 wargs
  9 insubstantial wisps
  Edmund (D:4)
  4 hydra simulacra (Swamp:4)
  A water moccasin (shapeshifter) (Vaults:2)
  19 water moccasins
  3 acid dragons (D:15)
  6 porcupines
  5 hell hounds
  2 black bears
  10 swamp drakes
  18 ice beasts
  35 orc warriors
  3 eyes of draining
  3 phantoms
  2 swamp dragon zombies (Swamp:4)
  A necrophage (D:6)
  5 sky beasts
  24 ogres
  2 boggarts (Elf:1)
  10 wolves
  15 centaurs
  An elf skeleton (Vaults:4)
  2 swamp dragon skeletons (Swamp:4)
  14 crocodiles
  5 big kobolds
  12 bullfrogs
  3 earth elementals
  A gnoll sergeant (D:9)
  A water moccasin zombie (D:6)
  A wyvern skeleton (D:14)
  5 scorpions
  19 killer bees
  9 wights
  2 electric eels
  10 crimson imps
  A bullfrog zombie (D:10)
  4 howler monkeys
  5 lava snakes (Lair:6)
  A centaur zombie (D:9)
  A quasit (D:11)
  7 jellies
  16 orc priests
  Crazy Yiuf (D:2)
  3 bullfrog skeletons
  2 gnoll shamans
  3 hounds
  5 iguanas
  Natasha (thrice) (D:2)
  20 orc wizards
  12 worker ants
  2 hell rats (Lair:1)
  A hound skeleton (D:11)
  A howler monkey zombie (D:11)
  A worker ant zombie (D:10)
  Robin (D:2)
  13 gnolls
  24 adders
  9 river rats (Lair:1)
  3 shadow imps
  12 white imps (Lair:3)
  An ooze (D:1)
  A worm (D:1)
  A dart slug (D:2)
  3 leopard geckos
  83 orcs
  5 giant cockroaches
  14 hobgoblins
  4 jackals (D:1)
  25 kobolds
  A quokka (D:8)
  6 ball pythons
  9 bats
  2 frilled lizards
  17 goblins
  A leopard gecko zombie (D:7)
  17 rats
  2 briar patches
  2 crawling corpses (Elf:3)
  A fungus (Lair:3)
1607 creatures vanquished.

Vanquished Creatures (others)
  2 deep elf master archers (Elf:3)
  A deep elf sorcerer (Elf:1)
  A stone giant (Vaults:4)
  Nessos (Lair:5)
  2 yaktaur captains
  A centaur warrior (Depths:1)
  A death knight (Vaults:2)
  6 naga sharpshooters
  Sonja (Orc:1)
  A spriggan druid (Swamp:4)
  2 deep elf archers
  A cyclops (Vaults:2)
  3 deep elf magi
  2 naga magi (Snake:4)
  A komodo dragon (Swamp:3)
  4 yaktaurs
  A hornet (Swamp:4)
  A raiju (Gauntlet)
  A spriggan (Swamp:4)
  A human (D:14)
  A steam dragon (Gauntlet)
  An insubstantial wisp (Swamp:4)
  An orc warrior (Vaults:2)
  2 centaurs
  An orc wizard (Orc:1)
  39 fungi
  53 plants
  2 withered plants (Vaults:2)
134 creatures vanquished.

Grand Total: 1741 creatures vanquished

Notes
Turn   | Place    | Note
-------+----------+-------------------------------------------
     0 | D:1      | Laukis the Gargoyle Fighter began the quest for the Orb.
     0 | D:1      | Reached XP level 1. HP: 14/14 MP: 1/1
   371 | D:1      | Reached XP level 2. HP: 19/19 MP: 2/2
   632 | D:1      | Reached XP level 3. HP: 23/24 MP: 3/3
   940 | D:2      | Noticed Robin
  1076 | D:2      | Noticed Natasha
  1352 | D:2      | Killed Natasha
  1352 | D:2      | Reached XP level 4. HP: 20/29 MP: 4/4
  1556 | D:2      | Killed Robin
  1561 | D:2      | Noticed Natasha
  1979 | D:2      | Reached XP level 5. HP: 33/34 MP: 5/5
  2098 | D:2      | Killed Natasha
  2286 | D:2      | Found a runed translucent door.
  2287 | D:2      | Noticed Crazy Yiuf
  2296 | D:2      | Killed Crazy Yiuf
  2570 | D:2      | Noticed Natasha
  2581 | D:2      | Killed Natasha
  2581 | D:2      | Reached skill level 5 in Maces & Flails
  2581 | D:2      | Reached XP level 6. HP: 38/40 MP: 6/6
  2961 | D:3      | Noticed Sigmund
  2995 | D:4      | Reached skill level 5 in Fighting
  3796 | D:4      | Noticed Edmund
  4006 | D:4      | Killed Edmund
  4006 | D:4      | Reached XP level 7. HP: 40/44 MP: 7/7
  4174 | D:5      | Entered Level 5 of the Dungeon
  4921 | D:6      | Found a staircase to the Ecumenical Temple.
  4929 | Temple   | Entered the Ecumenical Temple
  5143 | Temple   | Became a worshipper of Warmaster Okawaru
  5182 | D:6      | Found a glowing golden altar of the Shining One.
  5509 | D:6      | Noticed a centaur warrior
  5518 | D:6      | Killed a centaur warrior
  5518 | D:6      | Reached * piety under Okawaru
  5518 | D:6      | Reached XP level 8. HP: 46/53 MP: 8/8
  5520 | D:6      | Reached ** piety under Okawaru
  5544 | D:6      | Reached XP level 9. HP: 44/59 MP: 9/9
  5695 | D:6      | You fall into a shaft and drop 3 floors!
  5794 | D:8      | Found a staircase to the Lair.
  5802 | D:8      | Reached skill level 10 in Maces & Flails
  5842 | D:9      | Reached *** piety under Okawaru
  6148 | D:8      | Found a hide-covered altar of Uskayaw.
  6547 | D:7      | Reached **** piety under Okawaru
  6619 | D:7      | Reached XP level 10. HP: 62/66 MP: 10/10
  8011 | D:8      | Reached skill level 10 in Fighting
  8738 | D:9      | Noticed Erica
  8759 | D:9      | Killed Erica
  8759 | D:9      | Reached ***** piety under Okawaru
  9173 | D:9      | Reached skill level 1 in Stealth
  9178 | D:9      | Reached XP level 11. HP: 60/72 MP: 11/11
  9428 | D:10     | Entered Level 10 of the Dungeon
  9442 | D:10     | Reached skill level 1 in Invocations
 10729 | D:11     | Reached ****** piety under Okawaru
 10731 | D:11     | Killed an unseen horror
 10731 | D:11     | Received a gift from Okawaru
 10734 | D:11     | Got a crystal great sword {god gift}
 11130 | D:11     | Reached skill level 5 in Armour
 11415 | Lair:1   | Entered Level 1 of the Lair of Beasts
 11737 | Lair:1   | Reached skill level 5 in Stealth
 12596 | Lair:1   | Reached skill level 5 in Invocations
 13580 | Lair:2   | Reached XP level 12. HP: 77/77 MP: 16/16
 13609 | Lair:2   | Received a gift from Okawaru
 13858 | Lair:2   | Found a staircase to the Snake Pit.
 14724 | Lair:3   | Found a frozen archway.
 14793 | IceCv    | Entered an ice cave
 15019 | IceCv    | Reached skill level 10 in Stealth
 15612 | IceCv    | Noticed an ice dragon
 15613 | IceCv    | Noticed an ice dragon
 15625 | IceCv    | Killed an ice dragon
 16009 | IceCv    | Killed an ice dragon
 16009 | IceCv    | Received a gift from Okawaru
 16010 | IceCv    | Got an ancient chain mail {god gift}
 16064 | IceCv    | Got a translucent bronze ring
 16066 | IceCv    | Got a clouded tin ring
 16964 | Lair:3   | Found a staircase to the Swamp.
 16977 | Lair:3   | Noticed a six-headed hydra
 17113 | Lair:2   | Identified the ring "Diyhu" {*Tele rN+ Str+2} (You found it
                  | in an ice cave)
 17116 | Lair:2   | Identified the ring of Elyiq {*Tele rElec Int-4 Dex+7} (You
                  | found it in an ice cave)
 17130 | Lair:2   | Identified the +7 chain mail of Zust {*Drain rPois rC+}
                  | (Okawaru gifted it to you in an ice cave)
 17131 | Lair:2   | Identified the +9 great sword of Weykk {flame, +Blink rF-
                  | Str+2} (Okawaru gifted it to you on level 11 of the
                  | Dungeon)
 17150 | Lair:3   | Killed a two-headed hydra
 17150 | Lair:3   | Reached skill level 1 in Long Blades
 17624 | Lair:4   | Reached skill level 4 in Shields
 17740 | Lair:4   | Reached XP level 13. HP: 82/82 MP: 19/19
 18013 | Lair:3   | Reached skill level 5 in Long Blades
 19233 | Lair:4   | Received a gift from Okawaru
 20425 | Lair:5   | Reached skill level 10 in Long Blades
 20567 | Lair:5   | Found a viscous altar of Jiyva.
 20578 | Lair:5   | Found a staircase to the Slime Pits.
 20652 | Lair:5   | Noticed Nessos
 20718 | Lair:5   | Gained mutation: Your large and strong wings let you fly
                  | indefinitely. [Gargoyle growth]
 20718 | Lair:5   | Reached XP level 14. HP: 88/88 MP: 20/20
 21361 | Lair:6   | Entered Level 6 of the Lair of Beasts
 21435 | Lair:6   | Noticed Snorg
 21449 | Lair:6   | Killed Snorg
 21856 | Lair:6   | Received a gift from Okawaru
 23392 | Lair:5   | Reached skill level 5 in Shields
 24832 | Lair:6   | Reached skill level 6 in Shields
 24867 | Lair:6   | Found a runed translucent gate.
 24867 | Lair:6   | Found a runed translucent gate.
 24868 | Lair:6   | Noticed Piu's ghost (journeyman OpFi)
 24871 | Lair:6   | Found a runed translucent gate.
 24873 | Lair:6   | Found a viscous altar of Jiyva.
 25352 | Lair:6   | Found a large runed translucent door.
 25353 | Lair:6   | Found a large runed translucent door.
 25723 | Lair:6   | Received a gift from Okawaru
 26443 | Swamp:1  | Entered Level 1 of the Swamp
 27416 | Swamp:1  | Reached skill level 7 in Shields
 27734 | Swamp:1  | Reached XP level 15. HP: 84/92 MP: 21/21
 29659 | Swamp:1  | Identified a scroll of acquirement
 29660 | Swamp:1  | Identified the amulet "Elol" {Harm *Contam *Drain rF+ rC+
                  | Str+3} (You acquired it on level 1 of the Swamp)
 29871 | Swamp:2  | HP: 4/92 [spriggan rider/+0 spear (5)]
 30464 | Swamp:2  | You are sucked into a shaft and drop 1 floor!
 30890 | Swamp:2  | Noticed a thorn hunter
 30913 | Swamp:2  | Killed a thorn hunter
 30913 | Swamp:2  | Reached skill level 8 in Shields
 31239 | Swamp:2  | Received a gift from Okawaru
 31463 | Swamp:2  | Received a gift from Okawaru
 31483 | Swamp:2  | Got a warped buckler {god gift}
 31651 | Swamp:2  | Identified the +4 buckler of Hedging {rC++ Dex+4 SInv
                  | Stlth-} (Okawaru gifted it to you on level 2 of the Swamp)
 31870 | Swamp:2  | Noticed Frances
 32359 | D:3      | Killed Sigmund
 32838 | D:3      | Found a faded altar of an unknown god.
 33064 | D:12     | Found a gate leading to a gauntlet.
 33073 | Gauntlet | Entered a Gauntlet
 33073 | Gauntlet | Found a transporter.
 33073 | Gauntlet | Found a large runed translucent door.
 33073 | Gauntlet | Found a large runed translucent door.
 33073 | Gauntlet | Found a large runed translucent door.
 33073 | Gauntlet | Found a large runed translucent door.
 33073 | Gauntlet | Found a runed translucent door.
 33073 | Gauntlet | Found a runed translucent door.
 33073 | Gauntlet | Found a large runed translucent door.
 33073 | Gauntlet | Found a large runed translucent door.
 33073 | Gauntlet | Found a large runed translucent door.
 33073 | Gauntlet | Found a large runed translucent door.
 33073 | Gauntlet | Found a large runed translucent door.
 33073 | Gauntlet | Found a large runed translucent door.
 33074 | Gauntlet | Found a large runed translucent door.
 33074 | Gauntlet | Found a large runed translucent door.
 33075 | Gauntlet | Found a large runed translucent door.
 33075 | Gauntlet | Found a large runed translucent door.
 33075 | Gauntlet | Found a large runed translucent door.
 33075 | Gauntlet | Found a large runed translucent door.
 33083 | Gauntlet | Found a transporter.
 33099 | Gauntlet | Found a transporter.
 33107 | Gauntlet | Found a transporter.
 33128 | Gauntlet | Found a transporter.
 33145 | Gauntlet | Found a transporter.
 33154 | Gauntlet | Found a transporter.
 33160 | Gauntlet | Found a transporter.
 33162 | Gauntlet | Found a transporter.
 33178 | Gauntlet | Found the +4 Cigotuvi's embrace {rRot *Drain rN+}
 33187 | Gauntlet | Found a transporter.
 33199 | Gauntlet | Found a transporter.
 33205 | Gauntlet | Found a transporter.
 33205 | Gauntlet | Found a transporter.
 33207 | Gauntlet | Found a transporter.
 33230 | Gauntlet | Found a transporter.
 33236 | Gauntlet | Found a transporter.
 33287 | Gauntlet | Found a transporter.
 33311 | Gauntlet | Found a runed translucent gate.
 33311 | Gauntlet | Found a runed translucent gate.
 33311 | Gauntlet | Found a runed translucent gate.
 33313 | Gauntlet | Found a transporter.
 33855 | Gauntlet | Got an ebony scythe
 33967 | Gauntlet | Reached skill level 9 in Shields
 33975 | Gauntlet | Got a transparent amethyst amulet
 34016 | Gauntlet | Identified the +2 plate armour "Lomautteo" {rPois}
 34154 | Gauntlet | Got a bloodstained rapier
 35075 | D:12     | Found Eshez's Weapon Shop.
 35324 | D:12     | Found a staircase to the Orcish Mines.
 35396 | D:12     | Reached skill level 10 in Shields
 35800 | D:13     | Got a transparent long sword
 35989 | D:13     | Identified the amulet "Ryen" {Reflect Slay+3 SH+5} (You
                  | found it in a Gauntlet)
 35994 | D:13     | Identified the +11 long sword "Qilyshio" {elec, Str+4
                  | Dex+4} (You found it on level 13 of the Dungeon)
 35995 | D:13     | Identified the cursed +2 rapier of Ykhlohal {drain, rPois
                  | rC- MR+++ SInv} (You found it in a Gauntlet)
 36005 | D:13     | Identified the cursed +3 scythe of Enel {freeze, *Drain
                  | Int+4 Dex+9} (You found it in a Gauntlet)
 36030 | D:13     | Found a runed translucent door.
 36031 | D:13     | Noticed Weveyr's ghost (journeyman GrEE)
 36076 | D:13     | Noticed Rupert
 36733 | Snake:1  | Entered Level 1 of the Snake Pit
 36796 | Snake:1  | Reached XP level 16. HP: 47/100 MP: 22/22
 36812 | Snake:1  | Received a gift from Okawaru
 37358 | Snake:1  | Reached skill level 11 in Shields
 37482 | Snake:1  | Reached skill level 10 in Armour
 38090 | Snake:2  | Noticed a nagaraja
 38100 | Snake:2  | Killed a nagaraja
 38162 | Snake:2  | Noticed a nagaraja
 38178 | Snake:2  | Killed a nagaraja
 38181 | Snake:2  | Reached skill level 12 in Shields
 38839 | Snake:2  | Found Laoked's Armour Shoppe.
 38843 | Snake:2  | Bought the +0 pair of fencer's gloves {Riposte Dex+3} for
                  | 520 gold pieces
 38843 | Snake:2  | Found the +0 pair of fencer's gloves {Riposte Dex+3}
 38843 | Snake:2  | Bought the +6 chain mail "Ytasaik" {MR+} for 612 gold
                  | pieces
 38971 | Snake:2  | Received a gift from Okawaru
 39200 | Snake:2  | You fall into a shaft and drop 1 floor!
 39863 | Snake:3  | Reached skill level 13 in Shields
 40029 | Snake:3  | Found a shimmering blue altar of Sif Muna.
 40299 | Snake:3  | Received a gift from Okawaru
 40300 | Snake:3  | Found the +27 Lear's hauberk
 40317 | Snake:3  | Found a bloodstained altar of Trog.
 40396 | Snake:3  | Noticed Roxanne
 40431 | Snake:3  | Killed Roxanne
 40431 | Snake:3  | Reached XP level 17. HP: 65/108 MP: 23/23
 40770 | Snake:3  | Found Xozioz's Jewellery Shop.
 40789 | Snake:3  | Found Qona's Gadget Shoppe.
 40790 | Snake:3  | Found Eqirchon's Jewellery Shop.
 40833 | Snake:3  | Bought an uncursed ring of magical power for 380 gold
                  | pieces
 40890 | Snake:3  | Noticed Kirke
 40902 | Snake:3  | Killed Kirke
 41450 | Orc:1    | Entered Level 1 of the Orcish Mines
 41618 | Orc:2    | Entered Level 2 of the Orcish Mines
 41621 | Orc:2    | Found Wuhasye's Book Boutique.
 42120 | Orc:2    | Found a roughly hewn altar of Beogh.
 42180 | Orc:2    | Found Muitaemn's General Store.
 42211 | Orc:2    | Paralysed by an orc sorcerer for 5 turns
 42221 | Orc:2    | Reached skill level 14 in Shields
 42422 | Orc:2    | Bought a scroll of identify for 28 gold pieces
 42422 | Orc:2    | Bought a potion of heal wounds for 70 gold pieces
 42471 | Orc:1    | Paralysed by an orc sorcerer for 5 turns
 42486 | Orc:1    | Noticed Sonja
 42494 | Orc:1    | Killed Sonja
 42918 | Orc:2    | Found Acvuerr's Antique Weapon Emporium.
 43009 | Orc:2    | Found a staircase to the Elven Halls.
 43027 | Orc:2    | Found Kegeh's Antique Weapon Boutique.
 43070 | Orc:2    | Found Aney's Antique Armour Shoppe.
 43076 | Orc:2    | Noticed Maurice
 43126 | Orc:2    | Killed Maurice
 43387 | Elf:1    | Entered Level 1 of the Elven Halls
 43717 | Elf:1    | Found a ruined gateway.
 43735 | Desolati | Entered the Desolation of Salt
 43821 | Desolati | HP: 3/109 [crystal guardian/crystal bolt (33)]
 44809 | Elf:1    | Reached skill level 15 in Shields
 45167 | Elf:1    | Received a gift from Okawaru
 45174 | Elf:1    | Got a smoking ring mail {god gift}
 45306 | Elf:1    | Identified the +0 ring mail of Laukis's Honour {rF+ Int+3
                  | Stlth+} (Okawaru gifted it to you on level 1 of the Elven
                  | Halls)
 45848 | Elf:2    | Identified the Guide on Confrontation
 45912 | Elf:2    | Found a runed translucent gate.
 45912 | Elf:2    | Found a runed translucent gate.
 45913 | Elf:2    | Found a runed translucent gate.
 46289 | Elf:2    | Reached XP level 18. HP: 95/116 MP: 24/24
 47212 | Elf:3    | Entered Level 3 of the Elven Halls
 47697 | Elf:3    | Reached skill level 16 in Shields
 47819 | Elf:3    | Received a gift from Okawaru
 48040 | Elf:3    | Got a pair of slimy gloves {god gift}
 48477 | Elf:3    | Noticed a Tzitzimitl
 48953 | Elf:3    | Noticed a deep elf master archer
 48967 | Elf:3    | Killed a deep elf master archer
 48979 | Elf:3    | Noticed a deep elf blademaster
 48997 | Elf:3    | Killed a deep elf blademaster
 49001 | Elf:3    | Noticed a deep elf blademaster
 49046 | Elf:3    | Killed a deep elf blademaster
 49528 | Elf:3    | Identified the ring of Thoughtfulness {rC++ Str+2 Int+2
                  | Stlth+}
 49551 | Elf:3    | Noticed a deep elf master archer
 49672 | Elf:2    | Reached skill level 17 in Shields
 49800 | Elf:2    | Received a gift from Okawaru
 49815 | Elf:2    | Identified the +0 pair of gloves of the Tortoise {rElec
                  | rPois MR+ Stlth+} (Okawaru gifted it to you on level 3 of
                  | the Elven Halls)
 49817 | Elf:3    | Identified the +8 falchion "Dyusm" {vorpal, Int+3}
 50343 | Elf:3    | Killed a deep elf master archer
 50593 | Elf:3    | Reached skill level 15 in Fighting
 50637 | Elf:3    | Identified the Papyrus of Mutagenic Dislocation
 50644 | Elf:3    | Got a shimmering ring mail
 50813 | Elf:3    | Identified the +4 ring mail of Relativism {MR- Str+7 Int+4}
                  | (You found it on level 3 of the Elven Halls)
 51194 | Lair:5   | Found a viscous altar of Jiyva.
 51200 | Lair:5   | Found a staircase to the Slime Pits.
 51218 | Lair:5   | Killed Nessos
 51218 | Lair:5   | Reached XP level 19. HP: 124/124 MP: 25/25
 51668 | Lair:6   | Killed Piu's ghost
 52319 | Elf:3    | Got a scorched scale mail
 52529 | D:13     | Killed Rupert
 52966 | D:13     | Killed Weveyr's ghost
 53006 | D:13     | Identified the +1 scale mail "Apnek" {rF- MR++ Regen+
                  | rCorr} (You found it on level 3 of the Elven Halls)
 53376 | D:14     | Received a gift from Okawaru
 53583 | D:14     | Identified Zusezoyl's Reference Book on Icy Orientation
 53604 | D:14     | Found a white marble altar of Elyvilon.
 53809 | D:14     | Found a gate to the Vaults.
 53812 | D:14     | Found the +18 shield of the Gong {rElec rN+ MR+ EV-5}
 53838 | D:14     | Got a faintly glowing broad axe
 53973 | D:14     | Identified the cursed +0 broad axe "Foid Hof" {venom, rN+}
                  | (You found it on level 14 of the Dungeon)
 54018 | D:15     | Entered Level 15 of the Dungeon
 54088 | D:15     | Reached skill level 18 in Shields
 54456 | D:15     | Found a staircase to the Depths.
 55326 | Swamp:3  | Noticed Aizul
 55334 | Swamp:3  | Killed Aizul
 55582 | Swamp:3  | Received a gift from Okawaru
 55971 | Swamp:4  | Entered Level 4 of the Swamp
 56442 | Swamp:4  | Reached skill level 15 in Armour
 56722 | Swamp:4  | Found a basalt altar of Yredelemnul.
 57218 | Swamp:4  | Reached skill level 19 in Shields
 57218 | Swamp:4  | Reached XP level 20. HP: 85/131 MP: 26/26
 57342 | Swamp:4  | Found a blossoming altar of Fedhas.
 57387 | Swamp:4  | Got a decaying rune of Zot
 57631 | Snake:4  | Entered Level 4 of the Snake Pit
 57834 | Snake:4  | Received a gift from Okawaru
 58579 | Snake:4  | Reached skill level 20 in Shields
 59055 | Snake:4  | Got a serpentine rune of Zot
 59538 | Vaults:1 | Entered Level 1 of the Vaults
 59664 | Vaults:1 | Received a gift from Okawaru
 59844 | Vaults:1 | Found Idujocre's Food Emporium.
 60086 | Vaults:1 | Found a radiant altar of Vehumet.
 60087 | Vaults:1 | Found the +5 robe of Night {Dark MR+ SInv}
 60107 | Vaults:1 | Got a scorched hat
 60127 | Vaults:1 | Reached XP level 21. HP: 139/139 MP: 27/27
 60133 | Vaults:1 | Got a slimy hat
 60140 | Vaults:1 | Identified the cursed +0 hat of Patience {+Blink rC+ rN+
                  | Str-4} (You found it on level 1 of the Vaults)
 60141 | Vaults:1 | Identified the +1 hat of Sirghohe {rElec Int+4} (You found
                  | it on level 1 of the Vaults)
 60191 | Vaults:1 | Found a large runed translucent door.
 60191 | Vaults:1 | Found a large runed translucent door.
 60192 | Vaults:1 | Noticed Sudaz's ghost (veteran MiGl)
 60875 | Vaults:2 | Noticed Nikola
 60892 | Vaults:2 | Killed Nikola
 60892 | Vaults:2 | Received a gift from Okawaru
 61001 | Vaults:2 | Found a staircase to the Crypt.
 61045 | Vaults:2 | Found Gaimimaw's Magic Scroll Shop.
 61053 | Vaults:2 | Bought a scroll of teleportation for 54 gold pieces
 61053 | Vaults:2 | Bought a scroll of enchant weapon for 135 gold pieces
 61053 | Vaults:2 | Bought a scroll of teleportation for 54 gold pieces
 61191 | Vaults:2 | Identified the +7 battleaxe of Gudab {flame, rPois Str+3}
 61273 | Vaults:2 | Found a runed translucent door.
 61278 | Vaults:2 | Noticed Guthir's ghost (veteran GnFi)
 62396 | Vaults:3 | Noticed Jory
 62415 | Vaults:3 | Killed Jory
 62616 | Vaults:3 | Reached skill level 10 in Invocations
 62665 | Vaults:3 | Received a gift from Okawaru
 62671 | Vaults:3 | Noticed Mennas
 62718 | Vaults:2 | Killed Mennas
 62718 | Vaults:2 | Reached skill level 21 in Shields
 63489 | Vaults:3 | Reached XP level 22. HP: 147/147 MP: 29/29
 64460 | Vaults:4 | Found Gahasm's Food Boutique.
 64479 | Vaults:4 | Identified the +3 halberd of the Dove {drain, rElec rPois
                  | rF+ Dex-3}
 64494 | Vaults:4 | Received a gift from Okawaru
 64891 | Vaults:4 | Identified Riblua's Catalogue of the Entrancing Compass
 65868 | Depths:1 | Entered Level 1 of the Depths
 67175 | D:15     | Killed from afar by a fire giant

Levels and vault maps discovered:
D:1:      dpeg_arrival_connections, layout_basic
D:2:      layout_rooms, minmay_guardbox, uniq_robin, uniq_crazy_yiuf_cottage,
          uniq_natasha
D:3:      layout_basic, chequers_ecumenical_altar_lobes,
          chequers_serial_rivers_micro_d, grunt_ministairs_1,
          skrybe_limestone_x, uniq_sigmund
D:4:      layout_gridville, first_ration, hangedman_decor_opposing, st_stairs_4,
          uniq_edmund
D:5:      layout_loops_ring
D:6:      minmay_opposing_rooms, layout_loops_corners, tso_metal_star,
          minmay_temple_entry_glassed_door, minmay_manual_mess
D:7:      layout_loops_ring
D:8:      layout_basic, erik_lair_orcish_takeover, basic_altar
D:9:      layout_basic, uniq_erica
D:10:     layout_stronghold
D:11:     layout_loops_ring, grunt_ogre_cave
D:12:     layout_loops_ring, david_orc_4, serial_shops,
          nicolae_shop_statue_plus, gauntlet_entry_generic, st_stairs_11
D:13:     layout_cave_pools, ebering_ghost_reflecting_pool,
          minmay_stone_trees_small, drop_trap, amethyst_killhole, uniq_rupert
D:14:     layout_layer_cave, ximxim_vaults_locker_room, elyvilon_altar_1
D:15:     grunt_enter_depths_snipers, layout_basic
Temple:   roderic_octagonal_lattice_temple
Lair:1:   layout_layer_cave, wad_woods_road_02, chequers_serial_rivers_micro_a,
          kennysheep_rathole
Lair:2:   layout_chaotic_city, minmay_snake_entry_spellcaster,
          serial_bayou_shore_a
Lair:3:   layout_cave_pods, swamp_mist, portal_ice_cave_entry_imps,
          chequers_serial_rivers_micro_a, grunt_megastairs_1
Lair:4:   layout_loops_ring, special_room [special_room_mythical_zoo],
          beast_lair_carwin_10, lemuel_fruit_fields, serial_bayou_shore_b,
          serial_bayou_shore_b
Lair:5:   layout_regular_city, slime_altar_1, st_stairs_13,
          chequers_serial_rivers_large_a, infiniplex_staircase_pool,
          serial_bayou_shore_b, uniq_nessos
Lair:6:   cheibrodos_lair_end_hotspot, layout_long_grid, gammafunk_ghost_ooze,
          serial_bayou_pond_a, uniq_snorg
Swamp:1:  layout_basic_swamp, evilmike_swamp_ruin_house_4, worms_lemuel
Swamp:2:  layout_basic_swamp, hangedman_swamp_ruin_wall, uniq_frances
Swamp:3:  layout_falls_marsh, hangedman_swamp_lotus, uniq_aizul
Swamp:4:  byrel_swamp_growth_death_and_undeath, layout_basic_swamp, swamp_pool4
Snake:1:  layout_rooms, hangedman_snake_corridor_cut
Snake:2:  layout_misc_corridors, serial_shops, shop
Snake:3:  layout_layer_cave, st_stairs_8, drop_trap, grunt_ministairs_12,
          hangedman_feature_mirror, minmay_shop_grove, lemuel_fruit_tree,
          uniq_kirke, uniq_roxanne
Snake:4:  snake_pit, layout_cave_town, drop_trap, nicolae_snake_springs,
          grunt_megastairs_4
Orc:1:    layout_caves, uniq_sonja
Orc:2:    grunt_orc_gardens, layout_caves, grunt_orc_garden, grunt_orc_garden,
          grunt_orc_garden, grunt_orc_garden, serial_shops, nicolae_shop_trees,
          bh_open_orc_temple, uniq_maurice
Elf:1:    elf_arrival_002, layout_geoelf_octagon,
          portal_desolation_entry_garden, hangedman_elf_disciples,
          lemuel_flame_loot_1
Elf:2:    layout_geoelf_octagon, minmay_elf_annihilation
Elf:3:    minmay_elf_hall_spiked, layout_loops_corners, due_unseen_surprise
Vaults:1: ebering_vaults_ghost_disaster_area, v_misc_5,
          nicolae_vaults_angled_halls, grunt_vaults_hallway_long,
          nicolae_vaults_mini_display_case, grunt_tower_of_power,
          hangedman_vaults_nails, ontoclasm_vaults_ring_large, v_misc_12,
          hangedman_vaults_stagger, v_misc_27, vaults_dpeg_encased_lava,
          ontoclasm_vaults_hangar, ontoclasm_vaults_ring_small,
          layout_vaults_omnibox, serial_shops, shop
Vaults:2: gammafunk_vaults_ghost_grave, v_alt_pattern_3, v_misc_12,
          nicolae_vaults_ninety_degrees, minmay_crypt_entry_simple_walls,
          ontoclasm_vaults_ring_small, nicolae_vaults_ring_of_whatevers,
          vaults_mumra_hexcomb, layout_vaults_omnigrid, serial_shops,
          nicolae_shop_competitors_out_of_business, uniq_nikola
Vaults:3: vaults_mumra_minichess, nicolae_vaults_specimen_jars,
          hangedman_vaults_river_flow, v_misc_14, nicolae_vaults_an_arrangement,
          v_alt_pattern_5, hangedman_vaults_pinch, v_misc_12,
          ontoclasm_vaults_claustrophobia, hangedman_vaults_nails, v_misc_19,
          layout_vaults_ring, uniq_mennas, uniq_jory
Vaults:4: vaults_room_ringed_pool, nicolae_vaults_puzzle_piece,
          hangedman_vaults_nails, grunt_vaults_funnel,
          hangedman_vaults_restitches, nicolae_vaults_angled_halls,
          vaults_dpeg_hooks, vaults_room_semicircle,
          nicolae_vaults_little_squares_5, v_rooms_1, st_squares,
          vaults_dpeg_ring, layout_vaults_omnicross, serial_shops,
          nicolae_shop_statue_plus
Depths:1: layout_cave_shapes, hell_entry, lemuel_statue_altar, serial_shops,
          nicolae_shop_trees, kennysheep_generic_room_13

Skill      XL: |  1  2  3  4  5  6  7  8  9 10 11 12 13 14 15 16 17 18 19 20 21 22 |
---------------+-------------------------------------------------------------------+-----
Maces & Flails | 3 4 5 6 8 9 11 13 14 | 14.0
Fighting       | 4 5 7 9 10 11 12 13 15 16 17 18 | 18.9
Stealth        | 1 7 13 | 13.0
Invocations    | 5 8 10 | 10.0
Armour         | 6 8 9 11 12 14 15 16 17 18 | 18.2
Long Blades    | 2 10 13 14 | 14.0
Shields        | 4 7 10 13 15 17 19 20 21 | 21.9

Action                   |  1- 3 |  4- 6 |  7- 9 | 10-12 | 13-15 | 16-18 | 19-21 | 22-24 || total
-------------------------+-------+-------+-------+-------+-------+-------+-------+-------++-------
Melee: Flail             |   164 |   219 |       |       |       |       |       |       ||   383
       Unarmed           |       |     9 |       |       |       |       |       |       ||     9
       Dire flail        |       |       |   232 |   935 |       |       |       |       ||  1167
       Great sword       |       |       |       |    26 |   364 |       |       |       ||   390
       Demon blade       |       |       |       |       |  1332 |       |    11 |       ||  1343
       Long sword        |       |       |       |       |    53 |  1284 |  1774 |       ||  3111
       Eudemon blade     |       |       |       |       |       |       |   210 |   564 ||   774
Throw: Dart              |       |       |       |       |    10 |       |     1 |       ||    11
Invok: Heroism           |       |       |       |     1 |     4 |     2 |     4 |       ||    11
       Finesse           |       |       |       |     1 |     4 |     2 |     4 |       ||    11
 Abil: Fly               |       |       |       |       |     1 |       |     1 |       ||     2
       Stop Flying       |       |       |       |       |     1 |       |     1 |       ||     2
       Evoke Invisibilit |       |       |       |       |       |     1 |     1 |       ||     2
Evoke: Wand              |       |       |       |    10 |       |       |     1 |       ||    11
  Use: Potion            |       |     1 |     1 |       |     5 |     1 |       |       ||     8
       Scroll            |       |       |    13 |    10 |    17 |     7 |    14 |     4 ||    65
 Stab: Sleeping          |       |       |       |     4 |    12 |     7 |     7 |       ||    30
       Distracted        |       |       |       |       |     3 |     1 |     2 |       ||     6
       Invisible         |       |       |       |       |       |     8 |     4 |       ||    12
       Confused          |       |       |       |       |       |       |     1 |       ||     1
  Eat: Chunk             |     2 |     8 |    15 |    35 |    59 |    17 |    18 |     7 ||   161
       Ration            |       |       |     1 |       |       |     7 |     7 |     2 ||    17
Armor: Scale mail        |   108 |   134 |       |       |       |       |   543 |   180 ||   965
       Chain mail        |       |       |   138 |   599 |  1193 |   458 |    87 |       ||  2475
Dodge: Dodged            |    63 |    94 |    70 |   289 |   390 |   201 |   119 |    39 ||  1265
Block: Kite shield       |   110 |   127 |       |       |   586 |   751 |  2320 |   757 ||  4651
       Reflection        |       |       |       |       |     3 |   112 |   281 |    38 ||   434
       Buckler           |       |       |       |       |     2 |       |       |       ||     2
       Tower shield      |       |       |       |       |       |   375 |   224 |       ||   599
       Rpst.: Great sword |       |       |       |       |    48 |       |       |       ||    48
       Demon blade       |       |       |       |       |    38 |       |       |       ||    38
       Long sword        |       |       |       |       |     1 |    71 |    33 |       ||   105
       Eudemon blade     |       |       |       |       |       |       |     4 |    12 ||    16

Table legend:
 A = Non-vault XP
 B = Vault XP
 C = Vault XP percentage of total XP
 D = Non-vault monster count
 E = Vault monster count
 F = Vault count percentage of total count
                 A         B        C        D         E       F
            +---------+---------+-------+---------+---------+-------
      Total |  344667 |  328528 |  48.8 |    1036 |     598 |  36.6
            +---------+---------+-------+---------+---------+-------
        D:1 |      57 |      16 |  21.9 |      33 |       8 |  19.5
        D:2 |     125 |     125 |  50.0 |      15 |      17 |  53.1
        D:3 |      29 |     227 |  88.7 |      10 |       3 |  23.1
        D:4 |     106 |     199 |  65.2 |       9 |       2 |  18.2
        D:5 |     224 |       0 |   0.0 |       6 |       0 |   0.0
        D:6 |     678 |    1605 |  70.3 |      12 |      15 |  55.6
        D:7 |    1608 |       0 |   0.0 |      38 |       0 |   0.0
        D:8 |     503 |     537 |  51.6 |      18 |       7 |  28.0
        D:9 |    2602 |     912 |  26.0 |      35 |       1 |   2.8
       D:10 |    2299 |       0 |   0.0 |      32 |       0 |   0.0
       D:11 |    1768 |     127 |   6.7 |      27 |       1 |   3.6
       D:12 |    9086 |    1417 |  13.5 |      52 |      16 |  23.5
       D:13 |    7042 |    3755 |  34.8 |      32 |       2 |   5.9
       D:14 |    9238 |    2975 |  24.4 |      29 |      11 |  27.5
       D:15 |   42961 |    2547 |   5.6 |      59 |       3 |   4.8
     Lair:1 |    3963 |     536 |  11.9 |      17 |      16 |  48.5
     Lair:2 |    2791 |     442 |  13.7 |      14 |       1 |   6.7
     Lair:3 |    4527 |    4600 |  50.4 |      14 |      19 |  57.6
     Lair:4 |    7860 |    8354 |  51.5 |      28 |      29 |  50.9
     Lair:5 |    9890 |    3263 |  24.8 |      26 |      10 |  27.8
     Lair:6 |   12019 |   10237 |  46.0 |      37 |      26 |  41.3
    Swamp:1 |   10348 |    1650 |  13.8 |      28 |       7 |  20.0
    Swamp:2 |   13146 |       0 |   0.0 |      27 |       0 |   0.0
    Swamp:3 |    9743 |    3523 |  26.6 |      28 |       3 |   9.7
    Swamp:4 |    9935 |   24953 |  71.5 |      23 |      41 |  64.1
    Snake:1 |   13172 |    5722 |  30.3 |      29 |      16 |  35.6
    Snake:2 |   17356 |       0 |   0.0 |      30 |       0 |   0.0
    Snake:3 |   17582 |    8332 |  32.2 |      37 |      11 |  22.9
    Snake:4 |   18134 |   38412 |  67.9 |      38 |      68 |  64.2
      Orc:1 |    1290 |    1037 |  44.6 |      19 |       4 |  17.4
      Orc:2 |    1154 |   12702 |  91.7 |      24 |      31 |  56.4
      Elf:1 |    8880 |    9633 |  52.0 |      16 |      16 |  50.0
      Elf:2 |    5335 |   33559 |  86.3 |      11 |      39 |  78.0
      Elf:3 |    8901 |   43748 |  83.1 |      12 |      30 |  71.4
   Vaults:1 |   15453 |   22102 |  58.9 |      31 |      34 |  52.3
   Vaults:2 |   26712 |   18613 |  41.1 |      57 |      15 |  20.8
   Vaults:3 |   26292 |   32369 |  55.2 |      48 |      35 |  42.2
   Vaults:4 |   19009 |   16731 |  46.8 |      29 |      22 |  43.1
   Depths:1 |    2084 |       0 |   0.0 |       3 |       0 |   0.0
      IceCv |       0 |    5314 | 100.0 |       0 |      20 | 100.0
 Desolation |       0 |    4886 | 100.0 |       0 |      10 | 100.0
   Gauntlet |     765 |    3368 |  81.5 |       3 |       9 |  75.0
            +---------+---------+-------+---------+---------+-------
